 Dungeon Crawl Stone Soup version 0.24.0-13-gcf9b319 (webtiles) character file.

Game seed: 8106939326342789044, levelgen mode: deterministic

296 Bronimir the Chopper (level 6, -1/50 HPs)
             Began as a Centaur Gladiator on Mar 27, 2020.
             Slain by a gnoll
             ... wielding a +0 halberd
              (13 damage)
             ... on level 3 of the Dungeon.
             The game lasted 00:04:38 (2901 turns).

Bronimir the Chopper (Centaur Gladiator)            Turns: 2901, Time: 00:04:38

Health: -1/50      AC:  8    Str: 18    XL:     6   Next: 12%
Magic:  6/6        EV:  8    Int:  7    God:
Gold:   153        SH:  0    Dex: 11    Spells: 5/5 levels left

rFire    . . .     SeeInvis .   a - +0 war axe
rCold    . . .     Gourm    .   (no shield)
rNeg     . . .     Faith    .   g - +0 scale mail
rPois    .         Spirit   .   c - +0 helmet
rElec    .         Reflect  .   (no cloak)
rCorr    .         Harm     .   o - +0 pair of gloves
MR       .....                  (no barding)
Stlth    ..........             (no amulet)
HPRegen  0.16/turn              (no ring)
MPRegen  0.10/turn              (no ring)

@: very quick
A: large, hooves 3, deformed body, speed 2, tough skin 3
a: no special abilities


You were on level 3 of the Dungeon.
You were hungry.

You visited 1 branch of the dungeon, and saw 3 of its levels.

You collected 153 gold pieces.

Inventory:

Hand Weapons
 a - a +0 war axe (weapon)
Missiles
 d - 3 throwing nets
 i - 53 stones
 k - 13 arrows
 q - 13 poisoned darts (quivered)
 r - 10 sling bullets
Armour
 b - a +0 leather armour
 c - a +0 helmet (worn)
 g - a +0 scale mail (worn)
 h - a +0 ring mail
 m - a scarf of spirit shield
 o - a +0 pair of gloves (worn)
Wands
 p - a wand of iceblast (6)
Scrolls
 e - 5 scrolls of identify {unknown}
 j - a scroll of enchant weapon {unknown}
 s - 3 scrolls of remove curse {unknown}
Potions
 l - 2 potions of degeneration {unknown}
 n - 2 potions of haste {unknown}
Comestibles
 f - 3 rations


   Skills:
 + Level 2.4 Fighting
 * Level 4.9 Axes
 + Level 3.1 Throwing
 * Level 1.9 Armour
 + Level 2.5 Dodging


You had 5 spell levels left.
You didn't know any spells.
Your spell library was empty.

Dungeon Overview and Level Annotations

Branches:
Dungeon (3/15)

Altars:

Annotations:
D:3 1 runed translucent door, ShaftedAgain's ghost, weakling DEIE


Innate Abilities, Weirdness & Mutations

You have hooves in place of feet.
Armour fits poorly on your strangely shaped body.
You cover ground very quickly.
You have extremely tough skin. (AC +3)


Message History

The gnoll hits you. The gnoll barely misses you.
The gnoll hits you but does no damage.
You are too injured to fight recklessly!
You are too injured to fight recklessly!
You closely miss the gnoll. Your kick misses the gnoll.
The gnoll is almost dead.
The gnoll misses you. The gnoll hits you.
The gnoll hits you from afar with a +0 halberd!
* * * LOW HITPOINT WARNING * * *
You slash the gnoll!
You kill the gnoll!
The gnoll hits you but does no damage.
Things that are here:
12 gold pieces; a scroll labeled NUNESY TOOCH; a giant cockroach corpse You closely miss the gnoll.
Your kick misses the gnoll. The gnoll hits you with a +0 halberd.
* * * LOW HITPOINT WARNING * * *
You closely miss the gnoll. Your kick misses the gnoll.
The gnoll hits you with a +0 halberd!
You die...

#.....).
#############.....>.
#................#'#
#.################.#
#.# #...... #.######
###+###.# . #......#
#.....#.#
....######.#
#.....#..
......g@...#
#.....#..
.....#######
#.....'.. ...
#.....#.. .
#.....#.. #########


You could see a gnoll.

Vanquished Creatures
  A sky beast (D:3)
  A quasit (D:3)
  A hound zombie (D:3)
  3 gnolls (D:3)
  4 adders
  An ooze (D:2)
  4 worms
  2 dart slugs
  4 leopard geckos
  4 orcs (D:3)
  7 bats
  5 giant cockroaches
  7 hobgoblins
  2 ball pythons
  5 frilled lizards
  7 goblins
  8 kobolds
  A leopard gecko skeleton (D:3)
  8 rats
75 creatures vanquished.

Notes
Turn   | Place    | Note
-------+----------+-------------------------------------------
     0 | D:1      | Bronimir the Centaur Gladiator began the quest for the Orb.
     0 | D:1      | Reached XP level 1. HP: 17/17 MP: 1/1
    93 | D:1      | Reached skill level 3 in Axes
    93 | D:1      | Reached XP level 2. HP: 15/24 MP: 2/2
   865 | D:2      | Reached XP level 3. HP: 28/29 MP: 3/3
  1607 | D:2      | Reached XP level 4. HP: 36/36 MP: 4/4
  2043 | D:3      | Reached skill level 4 in Axes
  2043 | D:3      | Reached skill level 1 in Armour
  2270 | D:3      | Noticed a sky beast
  2298 | D:3      | Killed a sky beast
  2298 | D:3      | Reached XP level 5. HP: 26/42 MP: 5/5
  2549 | D:3      | Found a runed translucent door.
  2549 | D:3      | Noticed ShaftedAgain's ghost (weakling DEIE)
  2881 | D:3      | Reached XP level 6. HP: 48/50 MP: 6/6
  2901 | D:3      | Slain by a gnoll

Levels and vault maps discovered:
D:1:      zelgadis_glass_arrival_small, layout_loops_ring
D:2:      layout_basic
D:3:      layout_basic, ebering_ghost_inner_flame, minmay_liquid_box,
          grunt_decor_one_mirror

Skill      XL: |  1  2  3  4  5 |
---------------+----------------+-----
Axes           | 3 4 |  4.9
Armour         | 1 |  1.9
Throwing       | 3 |  3.1
Fighting       | |  2.4
Dodging        | |  2.5

Action                   |  1- 3 |  4- 6 || total
-------------------------+-------+-------++-------
Melee: War axe           |    91 |   105 ||   196
       Kick              |    12 |    25 ||    37
Throw: Dart              |     9 |     6 ||    15
  Eat: Chunk             |     1 |     3 ||     4
Armor: Leather armour    |    14 |       ||    14
       Scale mail        |    28 |    61 ||    89
       Ring mail         |     1 |       ||     1
Dodge: Dodged            |    42 |    52 ||    94
